 Dungeon Crawl Stone Soup version 0.31.0-11-ge490571c62 (webtiles) character file.

Game seed: 6483236539919201853

95 Arctor the Firebug (level 4, -3/24 HPs)
             Began as a Deep Elf Fire Elementalist on Feb 2, 2024.
             Slain by an ogre
             ... wielding a +0 giant spiked club
              (14 damage)
             ... on level 3 of the Dungeon.
             The game lasted 00:03:03 (3395 turns).

Arctor the Firebug (Deep Elf Fire Elementalist)     Turns: 3395, Time: 00:03:04

Health: -3/24      AC:  2    Str:  5    XL:     4   Next: 40%
Magic:  6/11       EV: 13    Int: 22    God:
Gold:   53         SH:  0    Dex: 15    Spells: 7/10 levels left

rFire   . . .        i - +3 short sword
rCold   . . .        (no shield)
rNeg    . . .        a - +0 robe
rPois   .            (no helmet)
rElec   .            (no cloak)
rCorr   .            (no gloves)
SInv    .            (no boots)
Will    .....        (no amulet)
Stlth   ++           (no ring)
HPRegen 0.24/turn    (no ring)
MPRegen 0.12/turn

%: no passive effects
@: no status effects
A: no striking features
a: no special abilities


You were on level 3 of the Dungeon.
You visited 1 branch of the dungeon, and saw 3 of its levels.

You collected 53 gold pieces.

Inventory:

Hand Weapons
 i - a +3 short sword (weapon)
Armour
 a - a +0 robe (worn)
Scrolls
 c - a scroll of amnesia
 d - a scroll of immolation
 e - a scroll of noise {unknown}
 f - a scroll of revelation
Potions
 b - 3 potions of magic
 h - 4 potions of curing {unknown}
 j - a potion of might {unknown}
 k - a potion of heal wounds {unknown}


   Skills:
 + Level 3.2 Dodging
 + Level 3.4 Stealth
 + Level 3.8 Spellcasting
 + Level 2.3 Conjurations
 + Level 4.0 Fire Magic


You had 7 spell levels left.
You knew the following spells:

 Your Spells              Type           Power      Damage    Failure   Level
a - Foxfire               Conj/Fire      72%        2x1d7     3%          1
b - Scorch                Fire           42%        2d6       3%          2

Your spell library contained the following spells:

 Spells                   Type           Power      Damage    Failure   Level
 Sting                    Conj/Alch      36%        1d5       7%          1
 Static Discharge         Conj/Air       18%        3-4/arc   11%         2
 Apportation              Tloc           8%         N/A       12%         1
 Necrotise                Necr           16%        1d4       12%         1
 Summon Small Mammal      Summ           16%        N/A       12%         1
 Inner Flame              Hex/Fire       13%        N/A       16%         3
 Volatile Blastmotes      Fire/Tloc      26%        2d12      16%         3
 Flame Wave               Conj/Fire      18%        2d7       30%         4
 Vampiric Draining        Necr           4%         2d6       34%         3
 Airstrike                Air            2%         2d(1-17)  75%         4
 Martyr's Knell           Necr/Summ      4%         N/A       75%         4
 Summon Lightning Spire   Summ/Air       4%         N/A       75%         4
 Curse of Agony           Necr           4%         N/A       97%         5


Dungeon Overview and Level Annotations

Branches:
Dungeon (3/15)

Altars:


Message History

An ogre comes into view. It is wielding a +0 giant spiked club.
The ogre shouts!
You miscast Foxfire.
You are very lightly contaminated with residual magic.
Nothing appears to happen.
A hobgoblin comes into view.
A giant cockroach comes into view.
There are monsters nearby!
You conjure some foxfire!
The hobgoblin shouts!
The ogre hits you with a +0 giant spiked club!
Ouch! That really hurt!
There are monsters nearby!
You are too injured to fight recklessly!
You are too injured to fight recklessly!
There are monsters nearby!
You are too injured to fight recklessly!
You are too injured to fight recklessly!
There are monsters nearby!
You are too injured to fight recklessly!
You are too injured to fight recklessly!
The foxfire hits the ogre.
The ogre is moderately wounded.
The foxfire hits the ogre.
The ogre is moderately wounded.
Casting: Foxfire (safe; 3% risk of failure)
Confirm with . or Enter, or press ? or * to list all spells.
Flames lash the ogre.
The ogre is heavily wounded.
The ogre's fire resistance burns away.
A ball python comes into view.
Your magical contamination has completely faded away.
Casting: Scorch (safe; 3% risk of failure)
Confirm with . or Enter, or press ? or * to list all spells.
Flames lash the giant cockroach.
You kill the giant cockroach!
The ball python hisses angrily.
The ogre hits you with a +0 giant spiked club!
Ouch! That really hurt!
You die...

######### #.......#
#.......# #.......#
##########.......#
##.>...#..........#
##............<....#
#....@..........)..#
#..gO..............#
#..................#
#..................#
.S................####
...$$...............#
...................##
............#.....##
.........####.#####


You could see an ogre (combustible), a hobgoblin and a ball python.

Vanquished Creatures
  3 gnolls (D:2)
  2 adders (D:2)
  A dart slug (D:2)
  A ribbon worm (D:2)
  4 ball pythons (D:1)
  4 endoplasms
  4 giant cockroaches
  5 goblins
  5 hobgoblins
  A quokka (D:2)
  4 bats
  3 frilled lizards
  5 kobolds
  3 rats
45 creatures vanquished.

Vanquished Creatures (others)
  267 foxfires
267 creatures vanquished.

Grand Total: 312 creatures vanquished

Notes
Turn   | Place    | Note
-------+----------+-------------------------------------------
     0 | D:1      | Arctor the Deep Elf Fire Elementalist began the quest for
                  | the Orb.
     0 | D:1      | Reached XP level 1. HP: 10/10 MP: 6/6
   447 | D:1      | Reached XP level 2. HP: 15/15 MP: 1/8
  1565 | D:2      | Reached XP level 3. HP: 19/19 MP: 4/9
  1773 | D:2      | Learned a level 2 spell: Scorch
  2532 | D:2      | Reached XP level 4. HP: 24/24 MP: 3/11
  3233 | D:3      | Reached skill level 4 in Fire Magic
  3387 | D:3      | Noticed an ogre
  3395 | D:3      | Slain by an ogre

Illustrated notes

Levels and vault maps discovered:
D:1:      roderic_octagonal_star, layout_basic, st_stairs_7,
          chequers_serial_rivers_small_b, serial_bayou_lagoon_b
D:2:      minmay_evil_eye, layout_basic, minmay_door_square,
          minmay_split_cup_large
D:3:      layout_rooms, uniq_ijyb

Skill      XL: |  1  2  3  4 |
---------------+-------------+-----
Stealth        | 3 |  3.4
Dodging        | 3 |  3.2
Conjurations   | 2 |  2.3
Fire Magic     | 4 |  4.0
Spellcasting   | |  3.8

Action                     |  1- 3 |  4- 6 || total
---------------------------+-------+-------++-------
  Melee: Unarmed           |     3 |       ||     3
         Short sword       |       |     2 ||     2
   Cast: Foxfire           |   141 |    26 ||   167
         Scorch            |     1 |     5 ||     6
    Use: Scroll            |       |     4 ||     4
         Potion            |       |     1 ||     1
 Armour: Robe              |    11 |     3 ||    14
  Dodge: Dodged            |    14 |     2 ||    16
